 Dungeon Crawl Stone Soup version 0.31-a0-75-g6fe912e8c5 (webtiles) character file.

Game seed: 17811877786824990682

20494 domi the Thaumaturge (level 13, 0/109 HPs)
             Began as a Djinni Hedge Wizard on May 22, 2023.
             Was a High Priest of Ashenzari.
             Shot with an arrow by a centaur warrior (13 damage)
             ... on level 13 of the Dungeon on May 23, 2023.
             The game lasted 00:56:13 (14630 turns).

domi the Thaumaturge (Djinni Hedge Wizard)         Turns: 14630, Time: 00:56:13

Health: 0/109      AC: 15    Str:  9    XL:     13   Next: 12%
Gold:   1320       EV: 12    Int: 21    God:    Ashenzari [*****.] SH:  0 Dex: 13

rFire   + + .        d - +2 dagger of the Shackled Sky {venom, Elem, Alch} (curse)
rCold   x . .        (no shield)
rNeg    . . .        E - +0 steam dragon scales "Clairvoyant Nihilism" {rSteam, Evo, Comp} (curse)
rPois   ∞            c - +0 hat "Visionary of Ashenzari" {Evo, Self} (curse)
rElec   .            C - +0 cloak of Ouranomancy {Fort, Evo} (curse)
rCorr   .            m - +0 pair of gloves of the Wild Blue Yonder {Fort, Elem} (curse)
SInv    +            (boots unavailable)
Will    +....        (no amulet)
Stlth   ++           w - ring of Supernal Wisdom {AC+4, Self, Elem} (curse)
HPRegen 0.38/turn    A - ring of Ashenzari's Anxiety {AC+4, Bglg, Self} (curse)
MPRegen 0.00/turn

%: clarity, infuse magic (-1 HP)
@: flying
A: sickness immunity, fire resistance 2, cold vulnerability 1, float, innate
caster, HP casting, extra vitality 1
a: Renounce Religion, Shatter the Chains


You were on level 13 of the Dungeon.
You worshipped Ashenzari.
Ashenzari was extremely pleased with you.
You visited 1 branch of the dungeon, and saw 13 of its levels.
You also visited: Sewer, Bailey and Gauntlet.

You collected 1320 gold pieces.

Inventory:

Hand Weapons
 a - a +0 dagger
 d - the cursed +2 dagger of the Shackled Sky (weapon) {venom, Elem, Alch}
   (You took it off a kobold on level 1 of the Dungeon)

   It has a curse which improves the following skills: Elements: Fire Magic, Ice
   Magic, Air Magic and Earth Magic.
   Alchemy:   Poison Magic and Transmutations.
 M - the +12 spear of Kismet {elec, *Rage rN+ Int+3}
   (You found it in a bailey)

   Int:       It affects your intelligence (+3).
   rN:        It protects you from negative energy.
   *Rage:     It berserks you when you make melee attacks (+20% chance).
Missiles
 r - 4 curare-tipped darts (quivered) {=f}
Armour
 c - the cursed +0 hat "Visionary of Ashenzari" (worn) {Evo, Self}

   It has a curse which improves the following skills: Evocations: Evocations.
   Introspection: Fighting and Spellcasting.
 m - the cursed +0 pair of gloves of the Wild Blue Yonder (worn) {Fort, Elem}
   (You found it on level 2 of the Dungeon)

   It has a curse which improves the following skills: Fortitude: Armour and
   Shields.
   Elements:  Fire Magic, Ice Magic, Air Magic and Earth Magic.
 C - the cursed +0 cloak of Ouranomancy (worn) {Fort, Evo}
   (You found it on level 8 of the Dungeon)

   It has a curse which improves the following skills: Fortitude: Armour and
   Shields.
   Evocations: Evocations.
 E - the cursed +0 steam dragon scales "Clairvoyant Nihilism" (worn) {rSteam, Evo, Comp}
   (You found it on level 8 of the Dungeon)

   It has a curse which improves the following skills: Evocations: Evocations.
   Companions: Summonings and Necromancy.
 K - a +1 pair of gloves
   (You found it on level 6 of the Dungeon)
 L - a +0 pair of boots of stealth
   (You found it in a Gauntlet)
 O - the +0 leather armour of Beogh's Generosity {Will+ Stlth+}
   (You took it off a goblin in a bailey)

   Will:      It increases your willpower.
   Stlth:     It makes you more stealthy.
 R - +0 acid dragon scales
   (You found it on level 10 of the Dungeon)
 U - a +0 cloak of poison resistance
   (You found it in a Gauntlet)
 V - the +3 chain mail of Fefucrie {*Slow rPois rN+ Will+}
   (You took it off a minotaur in a Gauntlet)

   rPois:     It protects you from poison.
   rN:        It protects you from negative energy.
   *Slow:     It may slow you when you take damage.
   Will:      It increases your willpower.
Magical Staves
 H - a staff of cold {rC+}
   (You found it on level 7 of the Dungeon)
 Y - a staff of earth
   (You found it in a Gauntlet)
Jewellery
 e - a +6 ring of strength
   (You found it in a Gauntlet)
 j - a +4 ring of slaying
   (You found it on level 1 of the Dungeon)
 w - the cursed ring of Supernal Wisdom (left hand) {AC+4, Self, Elem}
   (You found it on level 3 of the Dungeon)

   [ring of protection]

   AC:        It affects your AC (+4).
   It has a curse which improves the following skills: Introspection: Fighting
   and Spellcasting.
   Elements:  Fire Magic, Ice Magic, Air Magic and Earth Magic.
 A - the cursed ring of Ashenzari's Anxiety (right hand) {AC+4, Bglg, Self}
   (You found it on level 5 of the Dungeon)

   [ring of protection]

   AC:        It affects your AC (+4).
   It has a curse which improves the following skills: Beguiling: Conjurations,
   Hexes and Translocations.
   Introspection: Fighting and Spellcasting.
 D - a ring of protection from fire {rF+}
   (You found it on level 8 of the Dungeon)
 G - a +6 ring of intelligence
   (You found it on level 7 of the Dungeon)
Wands
 g - a wand of flame (9)
   (You took it off Maurice on level 8 of the Dungeon)
 y - a wand of paralysis (10)
   (You found it on level 4 of the Dungeon)
 B - a wand of mindburst (5)
   (You found it on level 5 of the Dungeon)
 N - a wand of digging (2)
   (You found it in a bailey)
 X - a wand of iceblast (9)
   (You found it in a Gauntlet)
 Z - a wand of polymorph (8)
   (You found it on level 12 of the Dungeon)
Scrolls
 i - a scroll of brand weapon
 k - 4 scrolls of teleportation {@r4}
 l - a scroll of torment {!r}
 n - a scroll of noise {!r}
 t - 2 scrolls of fear
 u - 10 scrolls of identify {@r1}
 v - a scroll of immolation {!r!r}
 x - a scroll of silence {!r!r}
 z - 2 scrolls of poison
 I - 2 scrolls of enchant weapon
 J - 2 scrolls of enchant armour
 T - 2 scrolls of summoning
 W - a scroll of fog
Potions
 f - 3 potions of haste {@q3}
 h - 5 potions of enlightenment
 o - 2 potions of brilliance
 q - 2 potions of cancellation
 s - a potion of magic
 F - 2 potions of berserk rage {!q!q}
 P - a potion of ambrosia {!q}
 Q - 2 potions of curing {@q1}
 S - 2 potions of might


   Skills:
 + Level 11.7(15.9) Fighting
 - Level 2.1 Dodging
 - Level 1.5 Stealth
 + Level 13.3(17.4) Spellcasting
 + Level 13.3(15.4) Conjurations
 + Level 13.3(15.4) Hexes
   Level 0.0 Charms
 + Level 13.3(15.4) Summonings
 + Level 13.3(15.4) Necromancy
 + Level 13.3(15.4) Translocations
 + Level 13.3(15.4) Transmutations
 + Level 13.3(17.4) Fire Magic
 + Level 13.3(17.4) Ice Magic
 + Level 13.3(17.4) Air Magic
 + Level 13.3(17.4) Earth Magic
 + Level 13.3(15.4) Poison Magic


You knew the following spells:

 Your Spells              Type           Power      Damage    Failure   Level
b - Blink                 Tloc           100%       N/A       0%          2
c - Call Imp              Summ           100%       N/A       0%          2
i - Searing Ray           Conj           100%       2d8       0%          2
o - Vhi's Electric Charg  Tloc/Air       100%       N/A       1%          3
u - Ensorcelled Hibernat  Hex/Ice        100%       N/A       0%          2
x - Slow                  Hex            100%       N/A       0%          1
y - Shock                 Conj/Air       100%       1d9       0%          1
z - Magic Dart            Conj           100%       1d8       0%          1
C - Mephitic Cloud        Conj/Pois/Air  65%        N/A       1%          3
T - Metabolic Englaciati  Hex/Ice        33%        N/A       1%          5
Z - Summon Lightning Spi  Summ/Air       67%        N/A       1%          4
Your spell library was empty.

Dungeon Overview and Level Annotations

Branches:
Dungeon (13/15)            Temple (0/1) D:5             Orc (0/2) D:12
 Vaults (0/5) D:13          Sewer (visited)          Bailey (visited)
Gauntlet (visited)
   Lair: D:8-11

Altars:
Ashenzari
Elyvilon
Fedhas
Hepliaklqana
Makhleb
Nemelex Xobeh
Trog
Yredelemnul
Zin
The Shining One

Shops:
D:12 !??

Annotations:
D:9 2 runed translucent doors, SirDiesAlot's ghost, journeyman OgGl
D:10 Fannar
D:13 Rupert


Innate Abilities, Weirdness & Mutations

You are immune to sickness and miasma.
You are immune to poison.
Your flesh is very heat resistant. (rF++)
You are vulnerable to cold. (rC-)
You float through the air rather than walking.
You learn spells naturally, not from books.
Your magical power is your life essence.
You have superior vitality. (+4 MHP)


Message History

The human explodes!
The fiery explosion engulfs the gnoll!
The fiery explosion engulfs Urug!!
Flame seeps out of Urug.
The gnoll explodes!
The fiery explosion engulfs the gnoll!!!
The fiery explosion engulfs Urug!!
Flame seeps out of Urug.
The fiery explosion engulfs the gnoll sergeant!!
The fiery explosion engulfs the human!
Flame seeps out of the human.
The gnoll sergeant explodes!
The fiery explosion engulfs the gnoll!!
The fiery explosion engulfs the human!!!
The human explodes!
The fiery explosion engulfs the human!!
The fiery explosion engulfs the human!
Flame seeps out of the human.
The fiery explosion engulfs Rupert!!
Flame seeps out of Rupert.
The human explodes!
The fiery explosion engulfs the human!!!
The fiery explosion engulfs Urug!!
The fiery explosion engulfs the human!!!
The fiery explosion engulfs you! You resist.
The fiery explosion engulfs the human!!
Flame seeps out of the human.
The human explodes!
The fiery explosion engulfs you! You resist.
The fiery explosion engulfs Rupert!!
Flame seeps out of Rupert.
The fiery explosion engulfs the human.
The human explodes!
The fiery explosion engulfs the human!!!
The fiery explosion engulfs you! You resist.
The fiery explosion engulfs the human!!!
The fiery explosion engulfs Rupert!!!
Flame seeps out of Rupert.
The fiery explosion engulfs the human!
Flame seeps out of the human.
The human explodes!
The fiery explosion engulfs you! You resist.
The fiery explosion engulfs the human!
Flame seeps out of the human.
The fiery explosion engulfs the human!!
The fiery explosion engulfs the human!!!
The human explodes!
The fiery explosion engulfs the human!!
The human explodes!
The fiery explosion engulfs the human!!
Flame seeps out of the human.
The fiery explosion engulfs the human!!
Flame seeps out of the human.
The human explodes! x2
The fiery explosion engulfs the human!!!
The fiery explosion engulfs the human!!
The fiery explosion engulfs you! You resist.
The human explodes!
The fiery explosion engulfs the freezing wraith!!!
The freezing wraith is burned terribly!
The fiery explosion engulfs you. You resist.
The freezing wraith explodes!
The fiery explosion engulfs the human!!!
The human explodes! x2
The fiery explosion engulfs you! You resist.
* * * LOW HITPOINT WARNING * * *
The human explodes!
The fiery explosion engulfs you! You resist.
* * * LOW HITPOINT WARNING * * *
The gnoll explodes! x2; The human explodes!
The gnoll explodes!
The human explodes!
You hear an angry buzzing noise.
You have reached level 13!
The power to cast Metabolic Englaciation wells up from within.
Spell assigned to 'T'.
Blink to where?
Press: ? - help, Dir - move target
As you read the scroll of blinking, it crumbles to dust.
Rupert is engulfed in blazing flames.
Flame seeps out of Rupert.
An electric hum fills the air.
* * * LOW HITPOINT WARNING * * *
Rupert is engulfed in blazing flames.
Flame seeps out of Rupert.
The centaur warrior is engulfed in blazing flames.
Flame seeps out of the centaur warrior.
The centaur warrior shoots an arrow.
The arrow hits you.
* * * LOW HITPOINT WARNING * * *
The vampire mosquito is engulfed in blazing flames.
Flame seeps out of the vampire mosquito.
Rupert is engulfed in blazing flames.
Flame seeps out of Rupert.
You feel much better.
The centaur warrior is engulfed in blazing flames.
Flame seeps out of the centaur warrior.
The centaur warrior shoots an arrow.
The arrow hits you!
* * * LOW HITPOINT WARNING * * *
Rupert is engulfed in blazing flames.
Flame seeps out of Rupert.
The centaur warrior is engulfed in blazing flames.
Flame seeps out of the centaur warrior.
The centaur warrior shoots an arrow.
The arrow hits you!!
* * * LOW HITPOINT WARNING * * *
Your lightning spire shoots out a bolt of lightning at the vampire mosquito!
The bolt of electricity hits the vampire mosquito!
Flame seeps out of the vampire mosquito.
You feel better.
The vampire mosquito is engulfed in blazing flames.
Flame seeps out of the vampire mosquito.
The vampire mosquito is engulfed in blazing flames.
Flame seeps out of the vampire mosquito.
Rupert is engulfed in blazing flames.
Flame seeps out of Rupert.
The centaur warrior is engulfed in blazing flames.
Flame seeps out of the centaur warrior.
The centaur warrior shoots an arrow.
The arrow hits you!
You die...

,,, * * #.....#
*** * ,,, ,
#.....# , * * *
* * #.....# *,,
* * ###.....# ,
* ** * , ,
,.........∆,,
,,, , *
***#....[#
#....##* *
#.....####.....#
#..(8@....§§...#
###.#..@.§§§...#
# #.§§§§§§§..#
{#y§§§§§§§..# *
#§§§§).....# *
#.§§.§§.§..#
,#§§y§§§§§..#
*,#.§§§§c§§..# *
* #..........# *


You could see Rupert (berserk, inner flame), a centaur warrior (inner flame), 2
vampire mosquitoes and a friendly lightning spire (summoned).

Vanquished Creatures
  A boulder beetle (D:12)
  A tengu warrior (D:12)
  A two-headed ogre (D:8)
  Urug (D:13)
  A fire crab (Gauntlet)
  A deep elf pyromancer (D:12)
  Maurice (D:8)
  A gargoyle (D:12)
  An unseen horror (D:10)
  A freezing wraith (D:13)
  A komodo dragon (D:8)
  A troll (D:12)
  A shadow (D:11)
  A vampire (D:10)
  A wyvern (D:8)
  6 yaks
  A fire bat (Gauntlet)
  A wraith (D:12)
  16 humans (D:13)
  2 steam dragons
  Menkaure (D:6)
  2 acid dragons
  A water moccasin (D:9)
  2 ice beasts
  9 orc warriors
  A black bear (D:7)
  2 sky beasts
  4 ogres
  A black bear (shapeshifter) (D:12)
  2 phantoms (D:5)
  8 kobold brigands
  2 bullfrogs
  A gnoll sergeant (D:13)
  4 scorpions
  2 wights (D:9)
  2 killer bees (D:9)
  3 electric eels (D:6)
  6 howler monkeys
  3 jellies
  4 hounds
  5 orc priests
  A gnoll bouda (D:6)
  8 iguanas
  4 orc wizards
  11 adders
  27 gnolls
  2 river rats (Sewer)
  A shadow imp (D:8)
  An ufetubus (D:5)
  4 worms (Sewer)
  A dart slug (D:2)
  23 orcs
  2 bats
  11 endoplasms
  5 giant cockroaches
  28 goblins
  25 hobgoblins
  26 kobolds
  4 quokkas
  6 ball pythons
  9 frilled lizards
  10 rats
315 creatures vanquished.

Vanquished Creatures (collateral kills)
  A minotaur (Gauntlet)
  A centaur warrior (D:11)
  A two-headed ogre (D:9)
  A wizard (Gauntlet)
  A deep elf pyromancer (D:12)
  3 kobold demonologists
  A wolf spider simulacrum (D:12)
  A wyvern (D:9)
  2 fire bats (Gauntlet)
  An acid dragon (D:10)
  A hell hound (Gauntlet)
  9 orc warriors
  3 ogres
  4 kobold brigands
  A gnoll sergeant (D:12)
  6 wights (D:9)
  4 killer bees (D:9)
  2 iguanas (D:12)
  6 gnolls
  An adder (D:6)
  2 shadow imps (Gauntlet)
  A white imp (Gauntlet)
  14 orcs
  An endoplasm (D:1)
  A giant cockroach (D:1)
  3 hobgoblins
  2 quokkas (D:1)
  A ball python (D:1)
  11 goblins
  11 kobolds
97 creatures vanquished.

Grand Total: 412 creatures vanquished

Notes
Turn   | Place    | Note
-------+----------+-------------------------------------------
     0 | D:1      | domi the Djinni Hedge Wizard began the quest for the Orb.
     0 | D:1      | domi set off with the following spells memorised: Magic
                  | Dart, Slow, Blink, Call Imp, Mephitic Cloud.
     0 | D:1      | Reached XP level 1. HP: 15/15 MP: 0/0
    41 | D:1      | Reached skill level 3 in Spellcasting
    41 | D:1      | Reached skill level 3 in Conjurations
    41 | D:1      | Reached skill level 3 in Hexes
    41 | D:1      | Reached skill level 3 in Summonings
    41 | D:1      | Reached skill level 3 in Necromancy
    41 | D:1      | Reached skill level 3 in Translocations
    41 | D:1      | Reached skill level 3 in Transmutations
    41 | D:1      | Reached skill level 3 in Fire Magic
    41 | D:1      | Reached skill level 3 in Ice Magic
    41 | D:1      | Reached skill level 3 in Air Magic
    41 | D:1      | Reached skill level 3 in Earth Magic
    41 | D:1      | Reached skill level 3 in Poison Magic
   126 | D:1      | Reached XP level 2. HP: 21/21 MP: 0/0
   956 | D:1      | Reached XP level 3. HP: 22/25 MP: 0/0
   956 | D:1      | Learned a level 1 spell: Shock
  1419 | D:2      | Reached XP level 4. HP: 29/31 MP: 0/0
  1845 | D:2      | Reached skill level 4 in Spellcasting
  1845 | D:2      | Reached skill level 4 in Conjurations
  1845 | D:2      | Reached skill level 4 in Hexes
  1845 | D:2      | Reached skill level 4 in Summonings
  1845 | D:2      | Reached skill level 4 in Necromancy
  1845 | D:2      | Reached skill level 4 in Translocations
  1845 | D:2      | Reached skill level 4 in Transmutations
  1845 | D:2      | Reached skill level 4 in Fire Magic
  1845 | D:2      | Reached skill level 4 in Ice Magic
  1845 | D:2      | Reached skill level 4 in Air Magic
  1845 | D:2      | Reached skill level 4 in Earth Magic
  1845 | D:2      | Reached skill level 4 in Poison Magic
  2138 | D:3      | Found a white marble altar of Elyvilon.
  2199 | D:3      | Found a glowing drain.
  2218 | D:3      | Reached XP level 5. HP: 24/35 MP: 0/0
  2218 | D:3      | Learned a level 2 spell: Ensorcelled Hibernation
  2292 | Sewer    | Entered a sewer
  2489 | Sewer    | Noticed a kobold brigand
  2502 | Sewer    | Killed a kobold brigand
  2503 | Sewer    | Reached skill level 5 in Spellcasting
  2503 | Sewer    | Reached skill level 5 in Conjurations
  2503 | Sewer    | Reached skill level 5 in Hexes
  2503 | Sewer    | Reached skill level 5 in Summonings
  2503 | Sewer    | Reached skill level 5 in Necromancy
  2503 | Sewer    | Reached skill level 5 in Translocations
  2503 | Sewer    | Reached skill level 5 in Transmutations
  2503 | Sewer    | Reached skill level 5 in Fire Magic
  2503 | Sewer    | Reached skill level 5 in Ice Magic
  2503 | Sewer    | Reached skill level 5 in Air Magic
  2503 | Sewer    | Reached skill level 5 in Earth Magic
  2503 | Sewer    | Reached skill level 5 in Poison Magic
  2503 | Sewer    | Reached XP level 6. HP: 29/40 MP: 0/0
  2774 | Sewer    | Reached XP level 7. HP: 35/45 MP: 0/0
  2774 | Sewer    | Learned a level 2 spell: Searing Ray
  2882 | Sewer    | Reached skill level 6 in Spellcasting
  2882 | Sewer    | Reached skill level 6 in Conjurations
  2882 | Sewer    | Reached skill level 6 in Hexes
  2882 | Sewer    | Reached skill level 6 in Summonings
  2882 | Sewer    | Reached skill level 6 in Necromancy
  2882 | Sewer    | Reached skill level 6 in Translocations
  2882 | Sewer    | Reached skill level 6 in Transmutations
  2882 | Sewer    | Reached skill level 6 in Fire Magic
  2882 | Sewer    | Reached skill level 6 in Ice Magic
  2882 | Sewer    | Reached skill level 6 in Air Magic
  2882 | Sewer    | Reached skill level 6 in Earth Magic
  2882 | Sewer    | Reached skill level 6 in Poison Magic
  3298 | D:3      | Found a blossoming altar of Fedhas.
  3460 | D:3      | Found a basalt altar of Yredelemnul.
  3614 | D:3      | Found a sparkling altar of Nemelex Xobeh.
  3614 | D:3      | Found a glowing silver altar of Zin.
  3614 | D:3      | Found a bloodstained altar of Trog.
  3617 | D:3      | Found a hazy altar of Hepliaklqana.
  3633 | D:3      | Found a burning altar of Makhleb.
  3638 | D:3      | Found a broken altar of Ashenzari.
  3638 | D:3      | Found a glowing golden altar of the Shining One.
  3690 | D:3      | Became a worshipper of Ashenzari the Shackled
  4017 | D:4      | Reached XP level 8. HP: 45/50 MP: 0/0
  4399 | D:4      | Reached skill level 7 in Spellcasting
  4399 | D:4      | Reached skill level 7 in Conjurations
  4399 | D:4      | Reached skill level 7 in Hexes
  4399 | D:4      | Reached skill level 7 in Summonings
  4399 | D:4      | Reached skill level 7 in Necromancy
  4399 | D:4      | Reached skill level 7 in Translocations
  4399 | D:4      | Reached skill level 7 in Transmutations
  4399 | D:4      | Reached skill level 7 in Fire Magic
  4399 | D:4      | Reached skill level 7 in Ice Magic
  4399 | D:4      | Reached skill level 7 in Air Magic
  4399 | D:4      | Reached skill level 7 in Earth Magic
  4399 | D:4      | Reached skill level 7 in Poison Magic
  4579 | D:5      | Entered Level 5 of the Dungeon
  5248 | D:5      | Reached * piety under Ashenzari
  5250 | D:5      | Found a staircase to the Ecumenical Temple.
  5281 | D:5      | Reached skill level 8 in Spellcasting
  5281 | D:5      | Reached skill level 8 in Conjurations
  5281 | D:5      | Reached skill level 8 in Hexes
  5281 | D:5      | Reached skill level 8 in Summonings
  5281 | D:5      | Reached skill level 8 in Necromancy
  5281 | D:5      | Reached skill level 8 in Translocations
  5281 | D:5      | Reached skill level 8 in Transmutations
  5281 | D:5      | Reached skill level 8 in Fire Magic
  5281 | D:5      | Reached skill level 8 in Ice Magic
  5281 | D:5      | Reached skill level 8 in Air Magic
  5281 | D:5      | Reached skill level 8 in Earth Magic
  5281 | D:5      | Reached skill level 8 in Poison Magic
  5610 | D:6      | Noticed Menkaure
  5619 | D:6      | Killed Menkaure
  5620 | D:6      | Reached XP level 9. HP: 37/55 MP: 0/0
  5620 | D:6      | Learned a level 3 spell: Vhi's Electric Charge
  6131 | D:6      | Reached skill level 9 in Spellcasting
  6131 | D:6      | Reached skill level 9 in Conjurations
  6131 | D:6      | Reached skill level 9 in Hexes
  6131 | D:6      | Reached skill level 9 in Summonings
  6131 | D:6      | Reached skill level 9 in Necromancy
  6131 | D:6      | Reached skill level 9 in Translocations
  6131 | D:6      | Reached skill level 9 in Transmutations
  6131 | D:6      | Reached skill level 9 in Fire Magic
  6131 | D:6      | Reached skill level 9 in Ice Magic
  6131 | D:6      | Reached skill level 9 in Air Magic
  6131 | D:6      | Reached skill level 9 in Earth Magic
  6131 | D:6      | Reached skill level 9 in Poison Magic
  6204 | D:6      | You are sucked into a shaft and drop 2 floors!
  6239 | D:8      | Noticed Maurice
  6259 | D:8      | Killed Maurice
  6268 | D:8      | HP: 11/55 [something/magic dart (6)]
  6525 | D:8      | Noticed a two-headed ogre
  6544 | D:8      | Killed a two-headed ogre
  6545 | D:8      | Reached skill level 10 in Spellcasting
  6545 | D:8      | Reached skill level 10 in Conjurations
  6545 | D:8      | Reached skill level 10 in Hexes
  6545 | D:8      | Reached skill level 10 in Summonings
  6545 | D:8      | Reached skill level 10 in Necromancy
  6545 | D:8      | Reached skill level 10 in Translocations
  6545 | D:8      | Reached skill level 10 in Transmutations
  6545 | D:8      | Reached skill level 10 in Fire Magic
  6545 | D:8      | Reached skill level 10 in Ice Magic
  6545 | D:8      | Reached skill level 10 in Air Magic
  6545 | D:8      | Reached skill level 10 in Earth Magic
  6545 | D:8      | Reached skill level 10 in Poison Magic
  6545 | D:8      | Reached XP level 10. HP: 44/60 MP: 0/0
  6980 | D:8      | Noticed a komodo dragon
  7138 | D:7      | Reached skill level 11 in Spellcasting
  7138 | D:7      | Reached skill level 11 in Conjurations
  7138 | D:7      | Reached skill level 11 in Hexes
  7138 | D:7      | Reached skill level 11 in Summonings
  7138 | D:7      | Reached skill level 11 in Necromancy
  7138 | D:7      | Reached skill level 11 in Translocations
  7138 | D:7      | Reached skill level 11 in Transmutations
  7138 | D:7      | Reached skill level 11 in Fire Magic
  7138 | D:7      | Reached skill level 11 in Ice Magic
  7138 | D:7      | Reached skill level 11 in Air Magic
  7138 | D:7      | Reached skill level 11 in Earth Magic
  7138 | D:7      | Reached skill level 11 in Poison Magic
  7388 | D:7      | Reached ** piety under Ashenzari
  8971 | D:6      | Reached *** piety under Ashenzari
  9281 | D:8      | Killed a komodo dragon
  9371 | D:8      | Reached skill level 1 in Fighting
  9652 | D:8      | Reached XP level 11. HP: 45/71 MP: 0/0
  9652 | D:8      | Learned a level 4 spell: Summon Lightning Spire
  9656 | D:8      | Reached skill level 12 in Spellcasting
  9656 | D:8      | Reached skill level 12 in Conjurations
  9656 | D:8      | Reached skill level 12 in Hexes
  9656 | D:8      | Reached skill level 12 in Summonings
  9656 | D:8      | Reached skill level 12 in Necromancy
  9656 | D:8      | Reached skill level 12 in Translocations
  9656 | D:8      | Reached skill level 12 in Transmutations
  9656 | D:8      | Reached skill level 12 in Fire Magic
  9656 | D:8      | Reached skill level 12 in Ice Magic
  9656 | D:8      | Reached skill level 12 in Air Magic
  9656 | D:8      | Reached skill level 12 in Earth Magic
  9656 | D:8      | Reached skill level 12 in Poison Magic
  9665 | D:8      | Reached skill level 2 in Fighting
  9857 | D:9      | Found a large runed translucent door.
  9857 | D:9      | Found a large runed translucent door.
  9910 | D:9      | Found a flagged portal.
  9917 | Bailey   | Entered a bailey
 10045 | Bailey   | Identified the +12 spear of Kismet {elec, *Rage rN+ Int+3}
 10053 | Bailey   | Reached skill level 3 in Fighting
 10370 | Bailey   | Identified the +0 leather armour of Beogh's Generosity
                  | {Will+ Stlth+}
 10815 | D:9      | Noticed a two-headed ogre
 10820 | D:9      | Killed a two-headed ogre
 10821 | D:9      | Reached skill level 4 in Fighting
 10917 | D:9      | Reached skill level 5 in Fighting
 11090 | D:9      | Noticed SirDiesAlot's ghost (journeyman OgGl)
 11166 | D:9      | Reached skill level 6 in Fighting
 11288 | D:9      | Reached **** piety under Ashenzari
 11470 | D:10     | Entered Level 10 of the Dungeon
 11480 | D:10     | Noticed Fannar
 11652 | D:10     | Reached skill level 7 in Fighting
 12166 | D:11     | Noticed a cyclops
 12166 | D:11     | Noticed a centaur warrior
 12181 | D:11     | Killed a centaur warrior
 12184 | D:11     | HP: 20/86 [cyclops/large rock (20)]
 12205 | D:12     | Reached XP level 12. HP: 23/93 MP: 0/0
 12210 | D:12     | Reached skill level 8 in Fighting
 12215 | D:12     | Found Qiogomp's Distillery.
 12272 | D:12     | Found Xiez's Magic Scroll Boutique.
 12286 | D:12     | Found Tideat's Magic Scroll Shop.
 12351 | D:12     | Found a gate leading to a gauntlet.
 12364 | Gauntlet | Entered a Gauntlet
 12364 | Gauntlet | Found a transporter.
 12364 | Gauntlet | Found a transporter.
 12364 | Gauntlet | Found a large runed translucent door.
 12364 | Gauntlet | Found a large runed translucent door.
 12364 | Gauntlet | Found a large runed translucent door.
 12364 | Gauntlet | Found a large runed translucent door.
 12364 | Gauntlet | Found a large runed translucent door.
 12364 | Gauntlet | Found a large runed translucent door.
 12364 | Gauntlet | Found a runed translucent door.
 12364 | Gauntlet | Found a runed translucent door.
 12364 | Gauntlet | Found a large runed translucent door.
 12364 | Gauntlet | Found a large runed translucent door.
 12364 | Gauntlet | Found a large runed translucent door.
 12364 | Gauntlet | Found a large runed translucent door.
 12364 | Gauntlet | Found a large runed translucent door.
 12364 | Gauntlet | Found a large runed translucent door.
 12382 | Gauntlet | Noticed a tengu warrior
 12421 | Gauntlet | Found a large runed translucent door.
 12421 | Gauntlet | Found a large runed translucent door.
 12421 | Gauntlet | Found a large runed translucent door.
 12423 | Gauntlet | Found a runed translucent gate.
 12423 | Gauntlet | Found a runed translucent gate.
 12423 | Gauntlet | Found a runed translucent gate.
 12425 | Gauntlet | Found a transporter.
 12436 | Gauntlet | Found a large runed translucent door.
 12440 | Gauntlet | Found a transporter.
 12452 | Gauntlet | Noticed a catoblepas
 12455 | Gauntlet | Found a transporter.
 12468 | Gauntlet | Found a transporter.
 12470 | Gauntlet | Noticed a fire crab
 12546 | Gauntlet | Found a transporter.
 12563 | Gauntlet | Found a transporter.
 12581 | Gauntlet | Found a transporter.
 12590 | Gauntlet | Found a transporter.
 12607 | Gauntlet | Found a transporter.
 12680 | Gauntlet | Found a transporter.
 12684 | Gauntlet | Found a transporter.
 12697 | Gauntlet | Found a transporter.
 12700 | Gauntlet | Found a transporter.
 12707 | Gauntlet | Found a transporter.
 12739 | Gauntlet | Upgraded the game from 0.31-a0-66-ge618eeaa78 to
                  | 0.31-a0-75-g6fe912e8c5
 13052 | Gauntlet | Reached skill level 9 in Fighting
 13061 | Gauntlet | Killed a fire crab
 13257 | Gauntlet | Identified the +3 chain mail of Fefucrie {*Slow rPois rN+
                  | Will+}
 13257 | Gauntlet | Noticed a minotaur
 13267 | Gauntlet | Killed a minotaur
 13268 | Gauntlet | Reached skill level 10 in Fighting
 13611 | D:12     | Found a bloodstained altar of Trog.
 13709 | D:12     | Noticed a boulder beetle
 13729 | D:12     | Killed a boulder beetle
 13940 | D:12     | Noticed a tengu warrior
 13947 | D:12     | Killed a tengu warrior
 14147 | D:12     | Found a staircase to the Orcish Mines.
 14364 | D:12     | Reached ***** piety under Ashenzari
 14418 | D:12     | Reached skill level 11 in Fighting
 14418 | D:12     | Reached skill level 13 in Spellcasting
 14418 | D:12     | Reached skill level 13 in Conjurations
 14418 | D:12     | Reached skill level 13 in Hexes
 14418 | D:12     | Reached skill level 13 in Summonings
 14418 | D:12     | Reached skill level 13 in Necromancy
 14418 | D:12     | Reached skill level 13 in Translocations
 14418 | D:12     | Reached skill level 13 in Transmutations
 14418 | D:12     | Reached skill level 13 in Fire Magic
 14418 | D:12     | Reached skill level 13 in Ice Magic
 14418 | D:12     | Reached skill level 13 in Air Magic
 14418 | D:12     | Reached skill level 13 in Earth Magic
 14418 | D:12     | Reached skill level 13 in Poison Magic
 14624 | D:13     | Noticed Urug
 14624 | D:13     | Noticed Rupert
 14624 | D:13     | Noticed a centaur warrior
 14624 | D:13     | Found a gate to the Vaults.
 14626 | D:13     | Killed Urug
 14626 | D:13     | HP: 22/103 [spore (13)]
 14627 | D:13     | Reached XP level 13. HP: 15/109 MP: 0/0
 14627 | D:13     | Learned a level 5 spell: Metabolic Englaciation
 14628 | D:13     | HP: 7/109 [centaur warrior/arrow (5)]
 14630 | D:13     | Shot with an arrow by a centaur warrior

Illustrated notes

Levels and vault maps discovered:
D:1:      tarquinn_simple_flora_water_f, layout_loops_ring
D:2:      layout_basic, grunt_ministairs_9, minmay_misc_feat_columns,
          kennysheep_potato
D:3:      layout_rooms, kennysheep_ying_yang,
          nicolae_overflow_hallway_of_the_gods, gup_sewer_entry_glass,
          minmay_misc_feat_room
D:4:      layout_cave_pods
D:5:      layout_basic, temple_doors_e
D:6:      minmay_goblin_kobold_castle, layout_loops_ring, uniq_menkaure
D:7:      layout_basic, minmay_bent
D:8:      layout_rooms, special_room [special_room_orc], minmay_lizard_king,
          uniq_maurice
D:9:      layout_roguey, enter_bailey_3, ebering_ghost_disaster_area,
          minmay_misc_feat_encased
D:10:     layout_rooms, chequers_serial_rivers_small_3, uniq_fannar
D:11:     layout_irregular_city, david_lair_shrubbed, kennysheep_boxes
D:12:     layout_roguey, kennysheep_orc_monster_closet_entryway,
          gauntlet_entry_generic, serial_shops, shop_coins, shop,
          nicolae_shop_rolled_up, trog_butcher_becter
D:13:     layout_basic, david_vaults_3

Skill      XL: |  1  2  3  4  5  6  7  8  9 10 11 12 |
---------------+-------------------------------------+-----
Spellcasting   | 3 4 5 6 8 10 11 12 13 | 13.3
Conjurations   | 3 4 5 6 8 10 11 12 13 | 13.3
Hexes          | 3 4 5 6 8 10 11 12 13 | 13.3
Summonings     | 3 4 5 6 8 10 11 12 13 | 13.3
Necromancy     | 3 4 5 6 8 10 11 12 13 | 13.3
Translocations | 3 4 5 6 8 10 11 12 13 | 13.3
Transmutations | 3 4 5 6 8 10 11 12 13 | 13.3
Fire Magic     | 3 4 5 6 8 10 11 12 13 | 13.3
Ice Magic      | 3 4 5 6 8 10 11 12 13 | 13.3
Air Magic      | 3 4 5 6 8 10 11 12 13 | 13.3
Earth Magic    | 3 4 5 6 8 10 11 12 13 | 13.3
Poison Magic   | 3 4 5 6 8 10 11 12 13 | 13.3
Fighting       | 1 7 11 | 11.7
Dodging        | |  2.1
Stealth        | |  1.5

Action                     |  1- 3 |  4- 6 |  7- 9 | 10-12 | 13-15 || total
---------------------------+-------+-------+-------+-------+-------++-------
  Melee: Dagger            |    69 |       |     3 |     3 |       ||    75
         Punch             |     1 |       |       |       |       ||     1
   Cast: Call Imp          |     9 |       |     1 |     8 |       ||    18
         Shock             |    21 |    95 |   249 |   460 |       ||   825
         Magic Dart        |       |     1 |       |       |       ||     1
         Mephitic Cloud    |       |       |    13 |    15 |       ||    28
         Searing Ray       |       |       |    16 |    41 |       ||    57
         Blink             |       |       |     2 |     6 |       ||     8
         Ensorcelled Hiber |       |       |     2 |       |       ||     2
         Summon Lightning  |       |       |       |    59 |     1 ||    60
 Invoke: Curse Item        |       |       |     2 |     5 |       ||     7
  Evoke: Wand              |       |       |       |     1 |       ||     1
    Use: Potion            |     1 |       |     2 |     4 |     2 ||     9
         Scroll            |       |       |       |     4 |     1 ||     5
   Stab: Sleeping          |       |       |     1 |       |       ||     1
 Armour: Skin              |     8 |       |       |       |       ||     8
         Robe              |    15 |     2 |    11 |     2 |       ||    30
         Steam dragon scal |       |       |       |    91 |       ||    91
  Dodge: Dodged            |    30 |    10 |    24 |   151 |       ||   215

Table legend: (Time is in decaauts)
 A = Elapsed time spent in this place.
 B = Non-inter-level travel time spent in this place.
 C = Inter-level travel time spent in this place.
 D = Time resting spent in this place.
 E = Time spent auto-exploring this place.
 F = Levels seen in this place.
 G = Mean time per level.
                   A        B        C        D        E       F      G
               +--------+--------+--------+--------+--------+-----+--------+
         Total |  14638 |  14134 |    504 |   2060 |   9573 |  16 |  914.9 |
       Dungeon |  12018 |  11514 |    504 |   1475 |   8148 |  13 |  924.5 |
         Sewer |    937 |    937 |      0 |      0 |    766 |   1 |  937.0 |
        Bailey |    634 |    634 |      0 |    147 |    308 |   1 |  634.0 |
      Gauntlet |   1046 |   1046 |      0 |    438 |    351 |   1 | 1046.0 |
               +--------+--------+--------+--------+--------+-----+--------+

Top non-repeatable levels by time:
     D:6: 1794 daAuts
    D:12: 1398 daAuts
     D:8: 1358 daAuts
     D:1: 1118 daAuts
     D:9: 1114 daAuts
     D:7: 1101 daAuts
Gauntlet: 1046 daAuts
     D:5: 998 daAuts
   Sewer: 937 daAuts
     D:2: 918 daAuts
     D:4: 857 daAuts
     D:3: 745 daAuts
  Bailey: 634 daAuts
    D:10: 374 daAuts
    D:11: 234 daAuts

Levels and vault maps discovered:
D:1:      tarquinn_simple_flora_water_f, layout_loops_ring
D:2:      layout_basic, grunt_ministairs_9, minmay_misc_feat_columns,
          kennysheep_potato
D:3:      layout_rooms, kennysheep_ying_yang,
          nicolae_overflow_hallway_of_the_gods, gup_sewer_entry_glass,
          minmay_misc_feat_room
D:4:      layout_cave_pods
D:5:      layout_basic, temple_doors_e
D:6:      minmay_goblin_kobold_castle, layout_loops_ring, uniq_menkaure
D:7:      layout_basic, minmay_bent
D:8:      layout_rooms, special_room [special_room_orc], minmay_lizard_king,
          uniq_maurice
D:9:      layout_roguey, enter_bailey_3, ebering_ghost_disaster_area,
          minmay_misc_feat_encased
D:10:     layout_rooms, chequers_serial_rivers_small_3, uniq_fannar
D:11:     layout_irregular_city, david_lair_shrubbed, kennysheep_boxes
D:12:     layout_roguey, kennysheep_orc_monster_closet_entryway,
          gauntlet_entry_generic, serial_shops, shop_coins, shop,
          nicolae_shop_rolled_up, trog_butcher_becter
D:13:     layout_basic, david_vaults_3

Table legend: (Time is in decaauts)
 A = Elapsed time spent in this place.
 B = Non-inter-level travel time spent in this place.
 C = Inter-level travel time spent in this place.
 D = Time resting spent in this place.
 E = Time spent auto-exploring this place.
 F = Levels seen in this place.
 G = Mean time per level.
                   A        B        C        D        E       F      G
               +--------+--------+--------+--------+--------+-----+--------+
         Total |  14638 |  14134 |    504 |   2060 |   9573 |  16 |  914.9 |
       Dungeon |  12018 |  11514 |    504 |   1475 |   8148 |  13 |  924.5 |
         Sewer |    937 |    937 |      0 |      0 |    766 |   1 |  937.0 |
        Bailey |    634 |    634 |      0 |    147 |    308 |   1 |  634.0 |
      Gauntlet |   1046 |   1046 |      0 |    438 |    351 |   1 | 1046.0 |
               +--------+--------+--------+--------+--------+-----+--------+

Top non-repeatable levels by time:
     D:6: 1794 daAuts
    D:12: 1398 daAuts
     D:8: 1358 daAuts
     D:1: 1118 daAuts
     D:9: 1114 daAuts
     D:7: 1101 daAuts
Gauntlet: 1046 daAuts
     D:5: 998 daAuts
   Sewer: 937 daAuts
     D:2: 918 daAuts
     D:4: 857 daAuts
     D:3: 745 daAuts
  Bailey: 634 daAuts
    D:10: 374 daAuts
    D:11: 234 daAuts

Table legend:
 A = Kills in this place as a percentage of kills in the entire game.
 B = Kills by you in this place as a percentage of kills by you in the entire game.
 C = Kills by friends in this place as a percentage of kills by friends in the entire game.
 D = Other kills in this place as a percentage of other kills in the entire game.
 E = Experience gained in this place as a percentage of experience gained in the entire game.
 F = Experience gained in this place divided by the number of levels of this place that you have seen.
                   A       B       C       D       E      F
               +-------+-------+-------+-------+-------+----------------------
         Total | 100.0 | 100.0 | 100.0 | 100.0 | 100.0 | 1829.9
       Dungeon |  85.2 |  87.3 |  76.3 | 100.0 |  82.8 | 1865.1
         Sewer |   6.8 |   9.3 |   0.0 |   0.0 |   2.3 | 686.0
        Bailey |   5.6 |   2.7 |  15.5 |   0.0 |   3.7 | 1096.0
      Gauntlet |   2.4 |   0.7 |   8.2 |   0.0 |  11.1 | 3250.0
               +-------+-------+-------+-------+-------+----------------------
